 Dungeon Crawl Stone Soup version 0.32-a0-485-g70f7560b1c (webtiles) character file.

Game seed: 8356249056196886580

222 Ambrosia the Shooter (level 5, -1/40 HPs)
             Began as a Coglin Hunter on Feb 26, 2024.
             Frozen to death by an endoplasm (2 damage)
             ... on level 4 of the Dungeon.
             The game lasted 00:06:00 (3139 turns).

Ambrosia the Shooter (Coglin Hunter)                Turns: 3139, Time: 00:06:00

Health: -1/40      AC:  5    Str: 11    XL:     5   Next: 99%
Magic:  5/5        EV: 13    Int:  8    God:
Gold:   201        SH:  0    Dex: 20    Spells: 4/4 levels left

rFire   . . .        a - +1 shortbow {Narong}
rCold   . . .        (shield currently unavailable)
rNeg    . . .        c - +0 leather armour
rPois   .            b - +2 hat
rElec   .            (no cloak)
rCorr   .            (no gloves)
SInv    .            (no boots)
Will    .....        (no amulet)
Stlth   ++           (ring unavailable)
HPRegen 0.26/turn    (ring unavailable)
MPRegen 0.09/turn

%: no passive effects
@: hasted, revved, very quick
A: off-hand wielding, slow wielding, warmup strikes, no rings
a: no special abilities


You were on level 4 of the Dungeon.
You visited 1 branch of the dungeon, and saw 4 of its levels.

You collected 201 gold pieces.


Innate Abilities, Weirdness & Mutations

You can wield a second weapon in your off-hand.
It takes a long time for you to wield or remove held weapons.
Your first few attacks do less damage.
Your grasper-arms cannot wear rings.


   Skills:
 + Level 2.9 Fighting
 * Level 4.7 Ranged Weapons
 + Level 1.7 Armour
 * Level 3.4 Dodging
 - Level 0.7 Stealth


You had 4 spell levels left.
You didn't know any spells.
Your spell library contained the following spells:

 Spells                   Type           Power      Damage    Failure   Level
 Apportation              Tloc           0%         N/A       50%         1
 Necrotise                Necr           0%         1d4       50%         1
 Sting                    Conj/Alch      0%         1d3       50%         1
 Summon Small Mammal      Summ           0%         N/A       50%         1

Inventory:

Hand Weapons
 a - a +1 shortbow (weapon) {Narong}
 n - a +0 sling
   (You took it off a goblin on level 2 of the Dungeon)
Missiles
 r - 5 datura-tipped darts
Armour
 b - a +2 hat (worn)
   (You found it on level 1 of the Dungeon)
 c - a +0 leather armour (worn)
 q - a +0 pair of gloves
   (You found it on level 3 of the Dungeon)
Jewellery
 D - a +6 ring of dexterity
   (You found it on level 2 of the Dungeon)
Wands
 k - a wand of paralysis (8)
   (You found it on level 2 of the Dungeon)
 o - a wand of polymorph (9)
   (You found it on level 3 of the Dungeon)
Scrolls
 f - a scroll of vulnerability
 m - a scroll of poison
Potions
 d - a potion of haste
 e - a potion of attraction
 i - a potion of berserk rage
 l - a potion of degeneration {unknown}
 p - a potion of resistance

Dungeon Overview and Level Annotations

Branches:
Dungeon (4/15) Zot: 20784
 Temple: D:4-7

Altars:
Ashenzari
Cheibriados
Hepliaklqana
Vehumet

##.~≈~~~#'#.............#
..~~.~~.......#'#########
...~~.~.......#....#
...≈~~~.......#....#
...~~~~~......#....#
...~...~).....#...#######
...~≈.~)......#...#.<...#
..~~~~†~...).(#...#.....#
..~.~~~~...J@.#...#.....#
..)~≈≈~########...'.....#
...≈≈~~ #...#.....#
...~≈≈~ ##..#.....#
...~~≈~ ####.....#
###~~≈~ ##+####


You could see an endoplasm.


Message History

Aim: an orc wizard, wielding a +0 dagger and wearing a +0 robe (heavily wounded, 53% to hit)
You throw a poisoned dart. The poisoned dart hits the orc wizard.
The endoplasm freezes you.
You are frozen.
* * * LOW HITPOINT WARNING * * *
The orc wizard hits you with a +0 dagger.
* * * LOW HITPOINT WARNING * * *
😨 HP[-4]
You take 4 damage, and now have 18/40 hp.
Unknown command.
Fire: a) +1 shortbow {Narong}
Press: ? - help, Shift-Dir - straight line, f/p - orc wizard
Aim: an orc wizard, wielding a +0 dagger and wearing a +0 robe (heavily wounded, 60% to hit)
You shoot an arrow. The arrow hits the orc wizard.
The endoplasm freezes you.
You are frozen.
* * * LOW HITPOINT WARNING * * *
The orc wizard hits you with a +0 dagger.
* * * LOW HITPOINT WARNING * * *
😨 HP[-5]
You take 5 damage, and now have 13/40 hp.
Unknown command.
Fire: a) +1 shortbow {Narong}
Press: ? - help, Shift-Dir - straight line, f/p - orc wizard
Aim: an orc wizard, wielding a +0 dagger and wearing a +0 robe (heavily wounded, 60% to hit)
You shoot an arrow.
The arrow hits the orc wizard but does no damage. 😨 HP[+1] Unknown command.
Fire: a) +1 shortbow {Narong}
Press: ? - help, Shift-Dir - straight line, f/p - orc wizard
Aim: an orc wizard, wielding a +0 dagger and wearing a +0 robe (heavily wounded, 60% to hit)
You shoot an arrow.
The arrow closely misses the orc wizard.
The orc wizard closely misses you. The endoplasm hits you.
* * * LOW HITPOINT WARNING * * *
😨 HP[-1]
You take 1 damage, and now have 13/40 hp.
Unknown command.
Fire: a) +1 shortbow {Narong}
Press: ? - help, Shift-Dir - straight line, f/p - orc wizard
Aim: an orc wizard, wielding a +0 dagger and wearing a +0 robe (heavily wounded, 60% to hit)
You shoot an arrow. The arrow hits the orc wizard.
The endoplasm closely misses you.
The orc wizard hits you with a +0 dagger.
* * * LOW HITPOINT WARNING * * *
😨 HP[-1]
You take 1 damage, and now have 12/40 hp.
Unknown command.
Fire: a) +1 shortbow {Narong}
Press: ? - help, Shift-Dir - straight line, f/p - orc wizard
Aim: an orc wizard, wielding a +0 dagger and wearing a +0 robe (severely wounded, 60% to hit)
You shoot an arrow. The arrow barely misses the orc wizard.
The endoplasm hits you but does no damage.
The orc wizard gestures at you while chanting.
The puff of flame hits you.
* * * LOW HITPOINT WARNING * * *
😱 HP[-3]
You take 3 damage, and now have 9/40 hp.
Unknown command.
Fire: a) +1 shortbow {Narong}
Press: ? - help, Shift-Dir - straight line, f/p - orc wizard
Aim: an orc wizard, wielding a +0 dagger and wearing a +0 robe (severely wounded, 60% to hit)
You shoot an arrow.
The arrow hits the orc wizard but does no damage.
The endoplasm hits you but does no damage.
The orc wizard misses you. 😱 HP[+1] Unknown command.
Fire: a) +1 shortbow {Narong}
Press: ? - help, Shift-Dir - straight line, f/p - orc wizard
Aim: an orc wizard, wielding a +0 dagger and wearing a +0 robe (severely wounded, 60% to hit)
You shoot an arrow. The arrow hits the orc wizard.
The endoplasm barely misses you.
The orc wizard gestures at you while chanting.
The puff of flame hits you!
* * * LOW HITPOINT WARNING * * *
😱 HP[-9]
You take 9 damage, and now have 1/40 hp.
MASSIVE DAMAGE!! (PAUSE) Fire: a) +1 shortbow {Narong}
Press: ? - help, Shift-Dir - straight line, f/p - orc wizard
Aim: an orc wizard, wielding a +0 dagger and wearing a +0 robe (almost dead, 60% to hit)
You shoot an arrow. The arrow hits the orc wizard.
You kill the orc wizard!
Unknown command.
Fire: a) +1 shortbow {Narong}
Press: ? - help, Shift-Dir - straight line, f - endoplasm
Aim: an endoplasm (88% to hit)
You shoot an arrow.
The arrow completely misses the endoplasm.
The endoplasm misses you.
Unknown command.
Fire: a) +1 shortbow {Narong}
Press: ? - help, Shift-Dir - straight line, f/p - endoplasm
Aim: an endoplasm (88% to hit)
You shoot an arrow. The arrow hits the endoplasm.
The endoplasm freezes you.
You are frozen.
You die...

Skill      XL: |  1  2  3  4 |
---------------+-------------+-----
Dodging        | 2 3 |  3.4
Ranged Weapons | 4 |  4.7
Armour         | 1 |  1.7
Fighting       | |  2.9
Stealth        | |  0.7

Action                     |  1- 3 |  4- 6 || total
---------------------------+-------+-------++-------
  Melee: Shortbow          |       |     2 ||     2
   Fire: Shortbow          |   118 |   109 ||   227
  Throw: Dart              |     3 |     6 ||     9
    Use: Scroll            |     9 |     4 ||    13
         Potion            |       |     8 ||     8
 Armour: Leather armour    |    19 |    82 ||   101
  Dodge: Dodged            |    36 |    48 ||    84

Levels and vault maps discovered:
D:1:      dpeg_arrival_snail, layout_loops_corners,
          ebering_ecumenical_altar_petrified
D:2:      layout_basic, serial_bayou_lake_a
D:3:      layout_basic, jmf_multi_god_temple2, gammafunk_temple_overflow_pools,
          uniq_robin
D:4:      layout_gridville, nicolae_overflow_hidden_temple,
          chequers_serial_rivers_large_a, uniq_sigmund, uniq_pikel

Notes
Turn   | Place    | Note
-------+----------+-------------------------------------------
     0 | D:1      | Ambrosia the Coglin Hunter began the quest for the Orb.
     0 | D:1      | Reached XP level 1. HP: 16/16 MP: 1/1
     0 | D:1      | magus.rc [v1.11.6]
   252 | D:1      | Reached skill level 2 in Dodging
   369 | D:1      | Reached XP level 2. HP: 22/22 MP: 2/2
   393 | D:1      | Found a faded altar of an unknown god.
   605 | D:1      | You fall into a shaft and drop 1 floor!
   972 | D:1      | Reached XP level 3. HP: 18/27 MP: 3/3
  1043 | D:1      | You fall into a shaft and drop 1 floor!
  1245 | D:2      | Reached skill level 4 in Ranged Weapons
  1315 | D:2      | You add the spells Sting, Necrotise, Summon Small Mammal
                  | and Apportation to your library.
  1419 | D:2      | Reached skill level 1 in Armour
  1924 | D:3      | Reached XP level 4. HP: 25/34 MP: 4/4
  2232 | D:3      | Noticed Robin
  2242 | D:3      | HP: 8/34 [goblin/+0 club[Robin] (1)]
  2319 | D:3      | Found a snail-covered altar of Cheibriados.
  2319 | D:3      | Found a hazy altar of Hepliaklqana.
  2386 | D:3      | Found a broken altar of Ashenzari.
  2391 | D:3      | Found a radiant altar of Vehumet.
  2398 | D:3      | Reached skill level 3 in Dodging
  2482 | D:3      | Reached XP level 5. HP: 35/39 MP: 5/5
  2703 | D:3      | Killed Robin
  3134 | D:4      | HP: 9/40 [orc wizard/puff of flame (3)]
  3136 | D:4      | HP: 1/40 [orc wizard/puff of flame (9)]
  3139 | D:4      | Frozen to death by an endoplasm

Vanquished Creatures
  2 bombardier beetles
  An orc wizard (D:4)
  Robin (D:3)
  A gnoll (D:1)
  4 adders
  2 dart slugs (D:1)
  A ribbon worm (D:2)
  5 orcs
  5 endoplasms
  A giant cockroach (D:3)
  5 hobgoblins (D:3)
  4 quokkas
  7 ball pythons
  2 bats
  3 frilled lizards
  15 goblins
  6 kobolds
  7 rats
72 creatures vanquished.

Table legend:
 A = Non-vault XP
 B = Vault XP
 C = Vault XP percentage of total XP
 D = Non-vault monster count
 E = Vault monster count
 F = Vault count percentage of total count
                 A         B        C        D         E       F
            +---------+---------+-------+---------+---------+-------
      Total |     276 |      42 |  13.2 |      58 |      14 |  19.4
            +---------+---------+-------+---------+---------+-------
        D:1 |      38 |       0 |   0.0 |      17 |       0 |   0.0
        D:2 |      33 |       0 |   0.0 |      11 |       0 |   0.0
        D:3 |     106 |      42 |  28.4 |      19 |      14 |  42.4
        D:4 |      99 |       0 |   0.0 |      11 |       0 |   0.0
            +---------+---------+-------+---------+---------+-------

Skill      XL: |  1  2  3  4 |
---------------+-------------+-----
Dodging        | 2 3 |  3.4
Ranged Weapons | 4 |  4.7
Armour         | 1 |  1.7
Fighting       | |  2.9
Stealth        | |  0.7

Action                     |  1- 3 |  4- 6 || total
---------------------------+-------+-------++-------
  Melee: Shortbow          |       |     2 ||     2
   Fire: Shortbow          |   118 |   109 ||   227
  Throw: Dart              |     3 |     6 ||     9
    Use: Scroll            |     9 |     4 ||    13
         Potion            |       |     8 ||     8
 Armour: Leather armour    |    19 |    82 ||   101
  Dodge: Dodged            |    36 |    48 ||    84

Illustrated notes

Table legend:
 A = Kills in this place as a percentage of kills in the entire game.
 B = Kills by you in this place as a percentage of kills by you in the entire game.
 C = Kills by friends in this place as a percentage of kills by friends in the entire game.
 D = Other kills in this place as a percentage of other kills in the entire game.
 E = Experience gained in this place as a percentage of experience gained in the entire game.
 F = Experience gained in this place divided by the number of levels of this place that you have seen.
                   A       B       C       D       E      F
               +-------+-------+-------+-------+-------+----------------------
         Total | 100.0 | 100.0 |   N/A |   N/A | 100.0 |  79.5
       Dungeon | 100.0 | 100.0 |   N/A |   N/A | 100.0 |  79.5
               +-------+-------+-------+-------+-------+----------------------

Table legend: (Time is in decaauts)
 A = Elapsed time spent in this place.
 B = Non-inter-level travel time spent in this place.
 C = Inter-level travel time spent in this place.
 D = Time resting spent in this place.
 E = Time spent auto-exploring this place.
 F = Levels seen in this place.
 G = Mean time per level.
                   A        B        C        D        E       F      G
               +--------+--------+--------+--------+--------+-----+--------+
         Total |   3215 |   3165 |     50 |    522 |   2132 |   4 |  803.8 |
       Dungeon |   3215 |   3165 |     50 |    522 |   2132 |   4 |  803.8 |
               +--------+--------+--------+--------+--------+-----+--------+

Top non-repeatable levels by time:
     D:3: 1309 daAuts
     D:1: 1048 daAuts
     D:2: 642 daAuts
     D:4: 214 daAuts
